 Dungeon Crawl Stone Soup version 0.18.1-48-g4cf74bf (webtiles) character file.

653 Necrotakul the Spear-Bearer (level 7, -4/55 HPs)
             Began as a Merfolk Fighter on July 22, 2016.
             Was an Initiate of the Shining One.
             Slain by an orc warrior
             ... wielding a +2 long sword of protection
              (14 damage)
             ... on level 4 of the Dungeon.
             The game lasted 00:13:31 (4144 turns).

Necrotakul the Spear-Bearer (Merfolk Fighter)       Turns: 4144, Time: 00:13:32

Health: -4/55      AC:  6    Str: 24    XL:     7   Next: 54%
Magic:  7/7        EV:  7    Int: 10    God:    the Shining One [......]
Gold:   102        SH:  9    Dex: 13    Spells: 0 memorised, 6 levels left

rFire  . . .     SeeInvis .     a - +0 trident
rCold  . . .     Gourm    .     b - +0 scale mail
rNeg   + . .     Faith    .     c - +0 shield
rPois  .         Spirit   .     (no helmet)
rElec  .         Dismiss  .     (no cloak)
rCorr  .         Reflect  .     (no gloves)
SustAt .         Harm     .     (no boots)
MR     .....                    (no amulet)
Stlth  ..........               q - ring of positive energy
                                h - +3 ring of strength

@: mighty, about to teleport, glowing, not resistant to hostile enchantments,
extremely unstealthy
A: change form in water, swift swim
a: Renounce Religion


You were on level 4 of the Dungeon.
You worshipped the Shining One.
The Shining One was noncommittal.
You were very hungry.

You visited 2 branches of the dungeon, and saw 5 of its levels.

You collected 102 gold pieces.

Inventory:

Hand Weapons
 a - a +0 trident (weapon)
Armour
 b - a +0 scale mail (worn)
 c - a +0 shield (worn)
Jewellery
 h - a +3 ring of strength (left hand)
 q - a ring of positive energy (right hand)
Wands
 t - a wand of teleportation (2/9)
Scrolls
 e - 3 scrolls of remove curse
 g - 2 scrolls of recharging
 j - a scroll of immolation {unknown}
 m - a scroll of teleportation {unknown}
 p - 2 scrolls of enchant weapon
 r - a scroll of fog {unknown}
 w - a scroll of blinking {unknown}
Potions
 d - a potion of might
 i - 2 potions of haste
 o - a potion of berserk rage {unknown}
 s - 3 potions of flight {unknown}
 u - a potion of mutation {unknown}
 v - a potion of resistance {unknown}
Books
 k - a Fen Folio

   Spells                             Type                      Level
   a - Corpse Rot                     Necromancy                   2
   b - Stone Arrow                    Conjuration/Earth            3
   c - Leda's Liquefaction            Hexes/Earth                  4
   d - Summon Forest                  Summoning/Translocation      5
   e - Hydra Form                     Transmutation                6
   f - Summon Hydra                   Summoning                    7
Comestibles
 f - 3 bread rations
 l - 2 meat rations
 n - 2 fruits


   Skills:
 + Level 4.8 Fighting
 - Level 10.6 Polearms
 - Level 2.1 Armour
 - Level 3.0 Shields


You had 6 spell levels left.
You didn't know any spells.

Dungeon Overview and Level Annotations

Branches:
Dungeon (4/15)             Temple (1/1) D:4

Altars:
Cheibriados
Dithmenos
Elyvilon
Kikubaaqudgha
Makhleb
Nemelex Xobeh
Ru
Trog
Vehumet
Xom
Yredelemnul
Zin
The Shining One


Message History

The orc warrior hits you with a long sword of protection!
You puncture the orc warrior!
The orc warrior is heavily wounded.
You block the orc warrior's attack.
You closely miss the orc warrior.
The orc warrior is heavily wounded.
You closely miss the orc warrior.
The orc warrior is heavily wounded.
You block the orc warrior's attack.
You closely miss the orc warrior.
The orc warrior is heavily wounded.
The orc warrior hits you with a long sword of protection!
* * * LOW HITPOINT WARNING * * *
Evoke which item? (* to show all) (? for menu, Esc to quit)
Zapping:
t - a wand of teleportation (will waste charges)
Press: ? - help, Shift-Dir - straight line, f - you You feel strangely unstable.
Evoking this partially-identified wand wasted a few charges.
The orc warrior hits you with a long sword of protection!
You die...

..>..........#
....###.######
###.# #.# ###
#.##########
#..........#
##########.#
oo......#.#
#.#.# #.#@#
###.#o#
#..o.o#
#.#.#.#
#.#.#.#
#.#.#.#
########.#.#.#
#....)...#.#.#
#.########...#


You could see an orc warrior and an orc.

Vanquished Creatures
  2 eyes of draining (D:3)
  An ogre (D:4)
  A giant frog (D:3)
  3 hounds (D:4)
  3 orc wizards (D:4)
  5 adders
  2 oozes (D:1)
  A worm (D:2)
  3 dart slugs
  6 giant geckos
  14 orcs (D:4)
  4 bats
  4 giant cockroaches
  6 goblins
  6 hobgoblins
  7 jackals
  11 kobolds
  3 quokkas
  A ball python (D:4)
  4 giant newts
  A quokka skeleton (D:4)
  8 rats
96 creatures vanquished.

Notes
Turn   | Place    | Note
--------------------------------------------------------------
     0 | D:1      | Necrotakul the Merfolk Fighter began the quest for the Orb.
     0 | D:1      | Reached XP level 1. HP: 18/18 MP: 1/1
   109 | D:1      | Reached skill level 4 in Polearms
   109 | D:1      | Reached XP level 2. HP: 23/24 MP: 2/2
   268 | D:1      | Reached skill level 5 in Polearms
   268 | D:1      | Reached XP level 3. HP: 28/29 MP: 3/3
  1014 | D:2      | Reached skill level 6 in Polearms
  1019 | D:2      | Reached XP level 4. HP: 32/35 MP: 4/4
  1560 | D:2      | Reached skill level 7 in Polearms
  1627 | D:2      | Found an ancient bone altar of Kikubaaqudgha.
  2072 | D:3      | Reached XP level 5. HP: 41/41 MP: 5/5
  2190 | D:3      | Found a bloodstained altar of Trog.
  2190 | D:3      | Noticed an eye of draining
  2208 | D:3      | Reached skill level 8 in Polearms
  2216 | D:3      | Killed an eye of draining
  2216 | D:3      | Reached skill level 9 in Polearms
  2216 | D:3      | Reached XP level 6. HP: 21/47 MP: 0/6
  2394 | D:3      | Noticed an eye of draining
  2405 | D:3      | Killed an eye of draining
  2487 | D:3      | Found a sparkling altar of Nemelex Xobeh.
  2630 | D:3      | Found a shimmering altar of Xom.
  2802 | D:4      | Reached skill level 10 in Polearms
  2904 | D:4      | Reached XP level 7. HP: 49/52 MP: 7/7
  2915 | D:4      | Found a burning altar of Makhleb.
  3534 | D:4      | Found a staircase to the Ecumenical Temple.
  3588 | Temple   | Entered the Ecumenical Temple
  3666 | Temple   | Became a worshipper of the Shining One
  4144 | D:4      | Slain by an orc warrior

Skill      XL: |  1  2  3  4  5  6  7 |
---------------+----------------------+-----
Polearms       | 4 5 6 7 9 10 | 10.6
Fighting       | 4 |  4.8
Armour         | |  2.1
Shields        | |  3.0

Action                   |  1- 3 |  4- 6 |  7- 9 || total
-------------------------+-------+-------+-------++-------
Melee: Trident           |   134 |   164 |   108 ||   406
Evoke: Wand              |       |       |     1 ||     1
  Use: Scroll            |       |     3 |     1 ||     4
       Potion            |       |     1 |     1 ||     2
  Eat: Chunk             |       |     7 |     2 ||     9
Armor: Scale mail        |    45 |    50 |    21 ||   116
Dodge: Dodged            |    45 |    44 |    13 ||   102
Block: Shield            |    68 |    48 |    30 ||   146
